 Dungeon Crawl Stone Soup version 0.21.1-1-g345015f (webtiles) character file.

25 Falco the Magician (level 3, -1/16 HPs)
             Began as a Vine Stalker Wizard on Apr 25, 2018.
             Slain by a worker ant (6 damage)
             ... on level 2 of the Dungeon.
             The game lasted 00:08:22 (1411 turns).

Falco the Magician (Vine Stalker Wizard)            Turns: 1411, Time: 00:08:22

Health: -1/16      AC:  2    Str:  9    XL:     3   Next: 4%
Magic:  0/9        EV: 12    Int: 19    God:
Gold:   82         SH:  0    Dex: 12    Spells: 3/10 levels left

rFire    . . .     SeeInvis .   e - +2 dagger (speed)
rCold    . . .     Gourm    .   (no shield)
rNeg     . . .     Faith    .   a - +0 robe
rPois    .         Spirit   +   b - +0 hat
rElec    .         Reflect  .   (no cloak)
rCorr    .         Harm     .   (no gloves)
MR       .....                  (no boots)
Stlth    ++........             (no amulet)
HPRegen  0.05/turn              f - ring of wizardry
MPRegen  0.11/turn              (no ring)

@: lethally poisoned (-1 -> -14)
A: fangs 2, magic shield, antimagic bite, no potion heal 3, rot immunity
a: no special abilities


You were on level 2 of the Dungeon.
You were not hungry.

You visited 1 branch of the dungeon, and saw 2 of its levels.

You collected 82 gold pieces.

Inventory:

Hand Weapons
 e - a +2 dagger of speed (weapon)
 i - a +0 short sword of flaming
Armour
 a - a +0 robe (worn)
 b - a +0 hat (worn)
Jewellery
 f - a ring of wizardry (left hand)
Scrolls
 h - 2 scrolls of immolation {unknown}
Books
 c - a book of Minor Magic

   Spells                             Type                      Level
   a - Magic Dart                     Conjuration                  1
   b - Blink                          Translocation                2
   c - Call Imp                       Summoning                    2
   d - Slow                           Hexes                        2
   e - Conjure Flame                  Conjuration/Fire             3
   f - Mephitic Cloud                 Conjuration/Poison/Air       3
Comestibles
 d - a ration


   Skills:
 + Level 1.7 Dodging
 + Level 2.8 Stealth
 + Level 4.0 Spellcasting
 + Level 1.1 Conjurations
 + Level 1.0 Summonings
 + Level 1.0 Translocations


You had 3 spell levels left.
You knew the following spells:

 Your Spells              Type           Power        Failure   Level  Hunger
a - Magic Dart            Conj           #...         3%          1    None
b - Blink                 Tloc           N/A          6%          2    ##.....
c - Call Imp              Summ           #.......     6%          2    ##.....
d - Slow                  Hex            #.......     9%          2    ##.....


Dungeon Overview and Level Annotations

Branches:
Dungeon (2/15)

Altars:


Innate Abilities, Weirdness & Mutations

You have extremely sharp teeth.
When hurt, damage is shared between your health and your magic reserves.
Your bite disrupts and absorbs the magic of your enemies.
Potions cannot restore your health.
You are immune to rotting.


Message History

Aim: a worker ant (almost dead)
The magic dart hits the worker ant.
The worker ant is almost dead.
You feel sick. The worker ant bites you.
Casting: Magic Dart
Confirm with . or Enter, or press ? or * to list all spells.
Aiming: Magic Dart
Press: ? - help, Shift-Dir - straight line, f/p - worker ant
Aim: a worker ant (almost dead)
The magic dart hits the worker ant.
The worker ant is almost dead.
The worker ant bites you.
You are lethally poisoned!
The worker ant poisons you!
You aren't carrying any potions.
Unknown command.
As you read the scroll labeled RIOLUN ZAFFY, it crumbles to dust.
You feel aware of your surroundings.
It was a scroll of magic mapping.
You feel sick. The worker ant bites you.
You die...

*,* #..# *,,,*******,** *,* #..#
***** *,** *,* #..## *,,, *,*
#...# *,** *,* ##..# *,**
**,**** #..# *,,,
,,,,,,*#######..### *,**
,,,,*,*#..........# *,,,
**,,,,,........#@.# *,,*
*,****#.#.#####ar# *,,* *,*
**,#,* #..# **********,,* *,*
*,,,,****#..#**,,,,,,,,,,,*
*,****,,,,*,,,....,,,***,,,,,,,*
*,**,,,,,,,,**#..##*** *,*******
*,,,,,,,,,,,* #..# *,*
****,,,,,,,***#..# *,*
*******,,,,,,,,,,,* *,*


You could see a worker ant and a quokka.

Vanquished Creatures
  An adder (D:2)
  A dart slug (D:1)
  A giant cockroach (D:2)
  A goblin (D:1)
  4 hobgoblins (D:1)
  A frilled lizard (D:2)
  3 kobolds
  3 rats
15 creatures vanquished.

Notes
Turn   | Place    | Note
-------+----------+-------------------------------------------
     0 | D:1      | Falco the Vine Stalker Wizard began the quest for the Orb.
     0 | D:1      | Reached XP level 1. HP: 9/9 MP: 5/5
   508 | D:1      | Reached XP level 2. HP: 6/13 MP: 0/7
   684 | D:1      | Learned a level 2 spell: Blink
   687 | D:1      | Learned a level 2 spell: Call Imp
   690 | D:1      | Learned a level 2 spell: Slow
  1389 | D:2      | Reached skill level 4 in Spellcasting
  1389 | D:2      | Reached XP level 3. HP: 16/16 MP: 4/9
  1411 | D:2      | Slain by a worker ant

Skill      XL: |  1  2 |
---------------+-------+-----
Spellcasting   | 4 |  4.0
Dodging        | |  1.7
Stealth        | |  2.8
Conjurations   | |  1.1
Summonings     | |  1.0
Translocations | |  1.0

Action                   || total
-------------------------++-------
Melee: Unarmed           ||     4
       Bite              ||     7
       Dagger            ||    17
 Cast: Magic Dart        ||    42
  Use: Scroll            ||     1
  Eat: Ration            ||     1
Dodge: Dodged            ||    18
